 Dungeon Crawl Stone Soup version 0.29.1-1-gd02db6906a (webtiles) character file.

Game seed: 8942043132262251958

44908 Anriel the Demolition Demonspawn (level 13, 0/153 HPs)
             Began as a Demonspawn Gladiator on Oct 13, 2022.
             Was an Elder of Makhleb.
             Succumbed to manix's ghost's poison
             ... on level 5 of the Lair of Beasts.
             The game lasted 01:50:51 (12668 turns).

Anriel the Demolition Demonspawn (DsGl)            Turns: 12668, Time: 01:50:52

Health: 0/153      AC: 26    Str: 21    XL:     13   Next: 98%
Magic:  24/24      EV:  2    Int:  9    God:    Makhleb [****..]
Gold:   1141       SH:  5    Dex: 20    Spells: 12/12 levels left

rFire   . . .      SeeInvis .   d - +5 glaive (venom)
rCold   . . .      Faith    .   (shield currently unavailable)
rNeg    . . .      Spirit   .   (body armour currently unavailable)
rPois   +          Reflect  +   (helmet currently unavailable)
rElec   .          Harm     .   (cloak currently unavailable)
rCorr   .          Rampage  .   (gloves currently unavailable)
Will    .....      NoTele   +   (boots currently unavailable)
Stlth   +++.......              n - amulet of reflection
HPRegen 0.35/turn               p - +4 ring of evasion
MPRegen 0.19/turn               o - +6 ring of dexterity

@: mighty, lethally poisoned (0 -> -5), tree-form
A: stationary, stasis, torment immunity, boosted hp, (claws 2), rugged brown
scales 2, foul stench 1, (spiny 2)
a: Renounce Religion, Minor Destruction, Lesser Servant of Makhleb, Major
Destruction


You were on level 5 of the Lair of Beasts.
You worshipped Makhleb.
Makhleb was greatly pleased with you.
You were a tree.
You visited 3 branches of the dungeon, and saw 15 of its levels.

You collected 1141 gold pieces.

Inventory:

Hand Weapons
 b - a +3 quarterstaff of chaos
 d - a +5 glaive of venom (weapon)
 P - the +5 demon whip "Spellbinder" {antimagic, Will+}
   (You found it on level 5 of the Lair of Beasts)

   It reduces the magical energy of the wielder, and disrupts the spells and
   magical abilities of those it strikes.
   Natural abilities and divine invocations are not affected.
   It unleashes wild and unpredictable magical effects upon striking a wizard or
   a creature with magical abilities.
   Will:      It increases your willpower.
Missiles
 e - a javelin
 h - 7 boomerangs (quivered)
Armour
 c - a +1 helmet (melded)
 k - the +3 buckler of Kann {rC++}
   (You acquired it on level 3 of the Lair of Beasts)

   rC:        It greatly protects you from cold.
 q - the +1 scale mail of the Ditch-Digger {Dex+2 Stlth+}
   (You found it on level 3 of the Dungeon)

   Dex:       It affects your dexterity (+2).
   Stlth:     It makes you more stealthy.
 w - a +1 pair of boots (melded)
 x - +0 steam dragon scales
 y - a +5 ring mail (melded)
 H - a +2 cloak of poison resistance (melded)
 N - a +1 pair of gloves (melded)
Jewellery
 j - a ring of poison resistance
 l - a +6 ring of intelligence
 n - an amulet of reflection (around neck)
 o - a +6 ring of dexterity (right branch)
 p - a +4 ring of evasion (left branch)
 t - a +4 ring of protection
 I - an amulet of the acrobat
Wands
 v - a wand of flame (4)
 A - a wand of polymorph (5)
 C - a wand of acid (11)
 E - a wand of digging (5)
Scrolls
 f - a scroll of enchant weapon
 i - 3 scrolls of identify
 m - 5 scrolls of fog
Potions
 r - 5 potions of lignification
 s - 3 potions of flight
 z - 2 potions of brilliance
 B - 2 potions of magic
 D - a potion of might
 F - 2 potions of cancellation
 G - 5 potions of attraction
 L - a potion of ambrosia
 M - 2 potions of mutation
 O - a potion of berserk rage
Miscellaneous
 g - a box of beasts
 K - a piece from Xom's chessboard (15/15)


   Skills:
 + Level 8.1 Fighting
 + Level 12.8 Polearms
 + Level 3.5 Throwing
 + Level 6.4 Armour
 * Level 10.3 Dodging
 + Level 4.9 Stealth
 + Level 2.8 Shields
 + Level 15.0 Invocations
 + Level 3.9 Evocations


You had 12 spell levels left.
You didn't know any spells.
Your spell library contained the following spells:

 Spells                   Type           Power      Damage    Failure   Level
 Freeze                   Ice            0%         1d3       38%         1
 Magic Dart               Conj           0%         1d3       38%         1
 Blink                    Tloc           0%         N/A       52%         2
 Call Imp                 Summ           0%         N/A       52%         2
 Poisonous Vapours        Pois/Air       0%         N/A       52%         2
 Frozen Ramparts          Ice            0%         1d1       77%         3
 Mephitic Cloud           Conj/Pois/Air  0%         N/A       77%         3
 Corpse Rot               Necr/Pois/Air  0%         N/A       99%         4
 Hailstorm                Conj/Ice       0%         3d3       99%         4
 Leda's Liquefaction      Hex/Erth       0%         N/A       99%         4
 Lee's Rapid Deconstruct  Erth           0%         3d5*      100%        5
 Manifold Assault         Tloc           0%         N/A       100%        5
 Statue Form              Tmut/Erth      0%         N/A       100%        6
 Storm Form               Tmut/Air       0%         N/A       100%        7


Dungeon Overview and Level Annotations

Branches:
Dungeon (9/15)             Temple (1/1) D:4            Lair (5/5) D:9
  Swamp (0/4) Lair:3        Snake (0/4) Lair:3        Slime (0/5) Lair:5
    Orc: D:9-12

Altars:
Ashenzari
Cheibriados
Dithmenos
Fedhas
Gozag
Hepliaklqana
Kikubaaqudgha
Makhleb
Nemelex Xobeh
Okawaru
Qazlal
Ru
Sif Muna
Trog
Uskayaw
Vehumet
Wu Jian
Xom
Yredelemnul

Annotations:
Lair:5 manix's ghost, journeyman DrAr


Innate Abilities, Weirdness & Mutations

You are a tree.
Your roots penetrate the ground, keeping you stationary.
You cannot be teleported.
You are immune to unholy pain and torment.
Your maximum health is greatly increased.
Your equipment is partially melded.
((You have very sharp fingernails.))
(You are mostly covered in rugged brown scales. (AC +2, +5% HP))
You may rarely emit foul miasma when damaged in melee.
((You are mostly covered in sharp spines.))


Message History

Unknown command.
As you read the scroll of teleportation, it crumbles to dust.
You feel strangely unstable. The hornet misses you.
Manix's ghost hits you but does no damage.
You are poisoned.
The hornet stings you!
Aiming: Major Destruction (0% risk of failure)
Press: ? - help, Shift-Dir - straight line, f - 12-headed hydra, p - manix's ghost
Aim: a 12-headed hydra (moderately wounded)
The bolt of negative energy hits manix's ghost.
Manix's ghost completely resists.
Manix's ghost is lightly damaged.
The bolt of negative energy hits the 12-headed hydra!!
The 12-headed hydra is drained!
The 12-headed hydra is severely wounded.
You feel very sick. Manix's ghost completely misses you.
Aiming: Major Destruction (0% risk of failure)
Press: ? - help, Shift-Dir - straight line, f/p - 12-headed hydra
Aim: a 12-headed hydra (severely wounded, lightly drained)
You hear a mighty clap of thunder!
The bolt of lightning hits the 12-headed hydra!
The 12-headed hydra is almost dead.
The bolt of lightning hits the 12-headed hydra!
You kill the 12-headed hydra!
Makhleb accepts your kill. The bolt of lightning hits you!!
* * * LOW HITPOINT WARNING * * *
Your surroundings suddenly seem different.
* * * LOW HITPOINT WARNING * * *
You feel sick.
Really quaff the potion of lignification?
You turn into a tree.
Your +2 cloak of poison resistance melds into your body.
Your +1 helmet melds into your body.
Your +1 pair of gloves melds into your body.
Your +1 pair of boots melds into your body.
Your +5 ring mail melds into your body.
You no longer feel resistant to poison.
Your roots penetrate the ground.
You die...

.....>...........................
.........................#.......
......##...P......PP.########....
#.#.####.#.......P..##)####.##...
##### ####...##....#...))...#...
# ##.....##....##......##... ####
#.......##....#......#.... P#.##
#....P...##...##....##...# ....##
##.......♣##(..#....#.†.##
#.#..###....#.....##..##..##..##.
......###...###....##..#..#.†##..
.#.....##.....###...##.#..#.##...
##.....##.......###..###.†#....##
##)....##.........#####......###.
.#.....##...........##......##...
.####.###...##......##..P...##...
.###### ##........#####....#####.


There were no monsters in sight!

Vanquished Creatures
  Josephine (Lair:5)
  6 hydras
  Erica (D:8)
  A catoblepas (Lair:5)
  3 death yaks (Lair:5)
  A lindwurm (Lair:5)
  A wolf spider (Lair:5)
  12 elephants
  12 black mambas
  A guardian serpent (Lair:5)
  18 cane toads
  Psyche (D:8)
  3 rime drakes (Lair:5)
  A torpor snail (Lair:5)
  4 komodo dragons
  A troll (D:9)
  4 polar bears
  3 hornets
  6 blink frogs
  8 dream sheep
  31 yaks
  3 basilisks
  16 wyverns
  A redback (Lair:5)
  A steam dragon (Lair:3)
  5 wraiths (Lair:5)
  Menkaure (D:6)
  5 nagas (Lair:3)
  25 water moccasins
  An ice beast (D:4)
  2 sky beasts (D:7)
  A black bear (D:4)
  2 ogres
  An orc warrior (D:9)
  20 wolves
  Blork the orc (D:6)
  4 scorpions
  8 bullfrogs
  4 necrophages
  A wyvern zombie (D:5)
  2 water moccasin skeletons (D:5)
  16 killer bees
  2 howler monkeys
  3 bullfrog zombies (D:5)
  3 hounds
  A bullfrog skeleton (D:5)
  An orc priest (D:8)
  A jelly (D:5)
  Crazy Yiuf (D:7)
  A gnoll bouda (D:5)
  3 iguanas
  Ijyb (D:5)
  A scorpion zombie (D:5)
  7 orc wizards
  A killer bee zombie (D:5)
  A hound zombie (D:5)
  A hound skeleton (D:5)
  3 gnolls (D:3)
  13 adders
  A shadow imp (D:7)
  2 white imps (D:6)
  3 ufetubi
  An adder zombie (D:5)
  3 dart slugs
  38 orcs
  7 ball pythons
  5 endoplasms
  4 giant cockroaches
  8 goblins
  10 hobgoblins
  A jackal (D:5)
  5 quokkas
  8 bats
  4 frilled lizards
  7 kobolds
390 creatures vanquished.

Vanquished Creatures (collateral kills)
  A hydra (Lair:5)
  A ball python (D:1)
2 creatures vanquished.

Vanquished Creatures (others)
  38 fungi
  53 plants
91 creatures vanquished.

Grand Total: 483 creatures vanquished

Notes
Turn   | Place    | Note
-------+----------+-------------------------------------------
     0 | D:1      | Anriel the Demonspawn Gladiator began the quest for the
                  | Orb.
     0 | D:1      | Reached XP level 1. HP: 16/16 MP: 1/1
    81 | D:1      | Gained mutation: You are partially covered in rugged brown
                  | scales. (AC +1, +3% HP) [demonic ancestry]
    81 | D:1      | Reached XP level 2. HP: 14/22 MP: 2/2
   455 | D:1      | Reached XP level 3. HP: 27/27 MP: 3/3
   923 | D:2      | Found a snail-covered altar of Cheibriados.
  1667 | D:3      | Reached XP level 4. HP: 33/35 MP: 4/4
  2032 | D:3      | Identified the +1 scale mail of the Ditch-Digger {Dex+2
                  | Stlth+}
  2531 | D:4      | Gained mutation: You have sharp fingernails. [demonic
                  | ancestry]
  2531 | D:4      | Reached XP level 5. HP: 40/40 MP: 5/5
  2853 | D:4      | Reached skill level 1 in Armour
  2933 | D:4      | Found a staircase to the Ecumenical Temple.
  2950 | Temple   | Entered the Ecumenical Temple
  3701 | D:5      | Entered Level 5 of the Dungeon
  3702 | D:5      | Noticed Ijyb
  3732 | D:5      | Killed Ijyb
  3733 | D:5      | Reached XP level 6. HP: 41/47 MP: 6/6
  3847 | D:5      | Reached skill level 5 in Polearms
  4082 | D:5      | Reached XP level 7. HP: 26/53 MP: 7/7
  4144 | D:5      | Found a burning altar of Makhleb.
  4151 | D:5      | Became a worshipper of Makhleb the Destroyer
  4196 | D:5      | Reached skill level 1 in Stealth
  4358 | D:4      | Gained mutation: You have very sharp fingernails. [demonic
                  | ancestry]
  4358 | D:4      | Reached XP level 8. HP: 36/61 MP: 8/8
  4438 | D:5      | Reached skill level 5 in Dodging
  5429 | D:6      | Noticed Menkaure
  5438 | D:6      | Killed Menkaure
  5681 | D:6      | Reached * piety under Makhleb
  5682 | D:6      | Reached skill level 1 in Invocations
  5682 | D:6      | Gained mutation: You are mostly covered in rugged brown
                  | scales. (AC +2, +5% HP) [demonic ancestry]
  5682 | D:6      | Reached XP level 9. HP: 25/70 MP: 9/9
  5704 | D:6      | Reached skill level 2 in Invocations
  5781 | D:6      | Noticed Blork the orc
  5799 | D:6      | Killed Blork the orc
  6245 | D:7      | Reached skill level 5 in Fighting
  6463 | D:7      | Reached skill level 3 in Invocations
  6469 | D:7      | Found a runed translucent door.
  6470 | D:7      | Noticed Crazy Yiuf
  6485 | D:7      | Killed Crazy Yiuf
  6875 | D:8      | Noticed Erica
  7127 | D:8      | Reached skill level 4 in Invocations
  7164 | D:8      | Killed Erica
  7165 | D:8      | Gained mutation: You are partially covered in sharp spines.
                  | [demonic ancestry]
  7165 | D:8      | Reached XP level 10. HP: 66/77 MP: 13/13
  7234 | D:8      | Reached skill level 5 in Invocations
  7279 | D:8      | Reached ** piety under Makhleb
  7348 | D:8      | Found an opulent altar of Gozag.
  7468 | D:8      | Noticed Psyche
  7476 | D:8      | Killed Psyche
  7477 | D:8      | Reached skill level 1 in Evocations
  8110 | D:9      | Found a staircase to the Lair.
  8298 | Lair:1   | Entered Level 1 of the Lair of Beasts
  8298 | Lair:1   | Noticed a cane toad
  8303 | Lair:1   | Killed a cane toad
  8329 | D:9      | Reached *** piety under Makhleb
  8338 | D:9      | Reached skill level 10 in Polearms
  8408 | Lair:1   | Reached XP level 11. HP: 58/85 MP: 14/14
  8872 | Lair:1   | Reached skill level 5 in Armour
  9134 | Lair:2   | You fall into a shaft and drop 1 floor!
  9263 | Lair:3   | Identified a scroll of acquirement
  9263 | Lair:3   | Acquired the +3 buckler of Kann {rC++}
  9364 | Lair:3   | Reached skill level 6 in Invocations
  9481 | Lair:3   | Found a staircase to the Swamp.
  9519 | Lair:3   | Reached **** piety under Makhleb
  9776 | Lair:3   | Reached skill level 7 in Invocations
 10261 | Lair:3   | Found a staircase to the Snake Pit.
 10437 | Lair:3   | Reached skill level 8 in Invocations
 10444 | Lair:3   | Gained mutation: You may rarely emit foul miasma when
                  | damaged in melee. [demonic ancestry]
 10444 | Lair:3   | Reached XP level 12. HP: 90/95 MP: 18/18
 10578 | Lair:4   | Reached skill level 9 in Invocations
 10619 | Lair:4   | Noticed an eight-headed hydra
 10624 | Lair:4   | Killed an eight-headed hydra
 10650 | Lair:4   | Reached skill level 10 in Invocations
 10979 | Lair:4   | Noticed a four-headed hydra
 10988 | Lair:4   | Killed a five-headed hydra
 10989 | Lair:4   | Reached skill level 11 in Invocations
 11012 | Lair:4   | Reached skill level 1 in Shields
 11056 | Lair:4   | Noticed a seven-headed hydra
 11068 | Lair:4   | Killed a nine-headed hydra
 11248 | Lair:5   | Entered Level 5 of the Lair of Beasts
 11339 | Lair:5   | Reached skill level 12 in Invocations
 11356 | Lair:5   | Gained mutation: You are mostly covered in sharp spines.
                  | [demonic ancestry]
 11356 | Lair:5   | Reached XP level 13. HP: 28/100 MP: 22/22
 11487 | Lair:5   | Found a staircase to the Slime Pits.
 11568 | Lair:5   | Reached ***** piety under Makhleb
 11597 | Lair:5   | Found a runed translucent gate.
 11597 | Lair:5   | Found a runed translucent gate.
 11597 | Lair:5   | Found a runed translucent gate.
 11602 | Lair:5   | Noticed manix's ghost (journeyman DrAr)
 11658 | Lair:5   | Reached skill level 13 in Invocations
 11712 | Lair:5   | Noticed Josephine
 11721 | Lair:5   | Killed Josephine
 11804 | Lair:5   | Reached skill level 10 in Dodging
 11822 | Lair:5   | Reached skill level 14 in Invocations
 11833 | Lair:5   | Found the +5 demon whip "Spellbinder" {antimagic, Will+}
 12662 | Lair:5   | Reached skill level 15 in Invocations
 12667 | Lair:5   | HP: 1/102 [poisoned by manix's ghost]
 12668 | Lair:5   | Succumbed to manix's ghost's poison

Illustrated notes

Levels and vault maps discovered:
D:1:      minmay_arrival_solitary_statue, layout_basic, hex_medium
D:2:      layout_basic, basic_altar
D:3:      wad_crossroads, layout_basic, minmay_misc_feat_chi
D:4:      layout_basic, minmay_temple_entry_gardened_gates,
          nicolae_figureground_pulse
D:5:      minmay_octagon_keep, layout_basic, mainiacjoe_overflow_tiny_flanked,
          serial_undead, serial_undead_a, serial_undead_e, serial_undead_a,
          serial_undead_e, uniq_ijyb
D:6:      layout_loops_corners, uniq_menkaure, uniq_blork_the_orc
D:7:      layout_layer_cave, st_stairs_10, uniq_crazy_yiuf_cottage
D:8:      layout_rooms, grunt_temple_overflow_gold_and_silver, special_room
          [special_room_orc], uniq_psyche, uniq_erica
D:9:      layout_long_grid, dpeg_oklobed_lair, minmay_misc_feat_enclosed
Temple:   nicolae_temple_bog_church
Lair:1:   layout_regular_city, st_stairs_12
Lair:2:   layout_gridlike, tgw_fedhas
Lair:3:   layout_cave_pods, swamp_mist, minmay_snake_entry_guardpost_medium,
          chequers_serial_rivers_room_b
Lair:4:   layout_concentric_octagons, columned_hall_lemuel, st_stairs_10
Lair:5:   hangedman_lair_tendril_chambers, layout_hall_layers,
          hangedman_lair_in_review, slime_entry_1, gauntlet_entry_generic,
          gammafunk_ghost_hydra_chop, enter_volcano_2, uniq_josephine

Skill      XL: |  1  2  3  4  5  6  7  8  9 10 11 12 13 |
---------------+----------------------------------------+-----
Dodging        | 3 4 5 6 7 8 9 10 | 10.3
Throwing       | 2 3 |  3.5
Polearms       | 3 4 5 6 7 8 10 11 12 | 12.8
Armour         | 1 2 3 4 5 6 |  6.4
Fighting       | 3 4 5 6 7 8 |  8.1
Stealth        | 2 4 |  4.9
Invocations    | 1 4 5 8 12 15 | 15.0
Evocations     | 3 |  3.9
Shields        | 1 2 |  2.8

Action                   |  1- 3 |  4- 6 |  7- 9 | 10-12 | 13-15 || total
-------------------------+-------+-------+-------+-------+-------++-------
Melee: Trident           |   109 |   207 |   335 |       |       ||   651
       Punch             |       |     3 |     6 |       |       ||     9
       Glaive            |       |       |    73 |   369 |   130 ||   572
Throw: Throwing net      |       |     1 |     4 |       |       ||     5
       Boomerang         |       |       |     6 |    33 |       ||    39
Invok: Minor Destruction |       |       |       |    57 |    18 ||    75
       Major Destruction |       |       |       |    34 |    49 ||    83
       Greater Servant o |       |       |       |       |     1 ||     1
  Use: Scroll            |     8 |     4 |    10 |    16 |     4 ||    42
       Potion            |       |     1 |    10 |     7 |     5 ||    23
 Stab: Sleeping          |       |     1 |     6 |     8 |       ||    15
       Held in net/web   |       |       |     6 |       |       ||     6
       Distracted        |       |       |     2 |       |     1 ||     3
Armor: Leather armour    |     4 |       |       |       |       ||     4
       Ring mail         |    23 |    18 |       |    21 |    69 ||   131
       Scale mail        |       |    43 |   100 |   128 |       ||   271
Dodge: Dodged            |    62 |   146 |   242 |   468 |   174 ||  1092
Block: Other             |       |       |       |    40 |    38 ||    78
